 Dungeon Crawl Stone Soup version 0.29-a0-994-gc5c9f59d18 (webtiles) character file.

Game seed: 15732876360719095240

10218 testman the Fighter (level 11, -9/86 HPs)
             Began as a Formicid Hunter on Aug 3, 2022.
             Was a Believer of Hepliaklqana.
             Mangled by a death yak (20 damage)
             ... on level 10 of the Dungeon.
             The game lasted 00:38:55 (9645 turns).

testman the Fighter (Formicid Hunter)               Turns: 9645, Time: 00:38:56

Health: -9/86      AC:  9    Str: 19 (20) XL:     11   Next: 88%
Magic:  12/12      EV: 16    Int:  3 (5)  God:    Hepliaklqana [**....]
Gold:   519        SH:  8    Dex: 24 (27) Spells: 10/10 levels left

rFire   . . .      SeeInvis +   r - +3 sling "Duas" {venom, +Blink Str+4 Int-4}
rCold   . . .      Faith    .   A - +0 buckler
rNeg    . . .      Spirit   .   L - +0 steam dragon scales
rPois   .          Reflect  .   (helmet unavailable)
rElec   .          Harm     .   N - +2 cloak {Stlth+}
rCorr   .          Rampage  .   (no gloves)
Will    +....                   m - +0 pair of boots
Stlth   +++.......              (no amulet)
HPRegen 0.24/turn               I - +6 ring of dexterity
MPRegen 0.13/turn               y - +4 ring of evasion

@: attractive, flying
A: reduced essence, permanent stasis, dig shafts and tunnels, antennae 3, four
strong arms
a: Dig, Shaft Self, Renounce Religion, Recall Ancestor, Ancestor Identity


You were on level 10 of the Dungeon.
You worshipped Hepliaklqana.
Hepliaklqana was pleased with you.
You visited 2 branches of the dungeon, and saw 12 of its levels.

You collected 519 gold pieces.

Inventory:

Hand Weapons
 a - a +0 shortbow
 r - the +3 sling "Duas" (weapon) {venom, +Blink Str+4 Int-4}
   (You took it off a hobgoblin on level 3 of the Dungeon)

   Any ammunition fired from it poisons the flesh of those it strikes.
   Str:       It affects your strength (+4).
   Int:       It affects your intelligence (-4).
   +Blink:    It lets you blink.
Missiles
 w - 2 throwing nets
Armour
 l - the +1 ring mail "Muof" {Int+3}
   (You found it on level 2 of the Dungeon)

   Int:       It affects your intelligence (+3).
 m - a +0 pair of boots (worn)
 A - a +0 buckler (worn)
 L - +0 steam dragon scales (worn)
 N - a +2 cloak of stealth (worn)
Jewellery
 d - a ring of fire
 s - a +6 ring of intelligence
 y - a +4 ring of evasion (right hand)
 H - a ring of flight
 I - a +6 ring of dexterity (left hand)
 K - a ring of positive energy
Wands
 v - a wand of mindburst (23)
 F - a wand of digging (6)
 M - a wand of charming (3)
Scrolls
 b - 3 scrolls of immolation
 e - 7 scrolls of teleportation {unknown}
 f - a scroll of noise {unknown}
 g - 5 scrolls of identify
 h - 3 scrolls of enchant armour
 k - a scroll of blinking {unknown}
 p - 5 scrolls of enchant weapon
 C - 2 scrolls of magic mapping {unknown}
 D - a scroll of poison {unknown}
 E - a scroll of vulnerability {unknown}
 G - 4 scrolls of fear {unknown}
 J - a scroll of brand weapon {unknown}
 O - a scroll of amnesia {unknown}
 P - a scroll of torment {unknown}
Potions
 i - a potion of mutation {unknown}
 j - 5 potions of curing
 n - a potion of attraction
 o - a potion of flight
 q - a potion of magic
 u - a potion of ambrosia
 x - 2 potions of degeneration
 z - a potion of might
 B - a potion of haste
 Q - a potion of cancellation {unknown}
Miscellaneous
 c - a condenser vane


   Skills:
 + Level 12.6 Fighting
 + Level 12.1 Ranged Weapons
 - Level 1.7 Dodging
 - Level 1.2 Stealth
 + Level 10.0 Shields
 + Level 1.8 Invocations


You had 10 spell levels left.
You didn't know any spells.
Your spell library contained the following spells:

 Spells                   Type           Power      Damage    Failure   Level
 Sublimation of Blood     Necr           0%         N/A       71%         2
 Wereblood                Tmut           0%         N/A       71%         2
 Ignite Poison            Fire/Tmut/Pois 0%         N/A       91%         3
 Mephitic Cloud           Conj/Pois/Air  0%         N/A       91%         3
 Hailstorm                Conj/Ice       0%         3d3       100%        4
 Ice Form                 Ice/Tmut       0%         N/A       100%        4
 Freezing Cloud           Conj/Ice/Air   0%         6-21      100%        5
 Simulacrum               Ice/Necr       0%         N/A       100%        6
 Summon Hydra             Summ           0%         N/A       100%        7


Dungeon Overview and Level Annotations

Branches:
Dungeon (11/15)            Temple (1/1) D:7            Lair (0/5) D:10
    Orc: D:9-12

Altars:
Ashenzari
Cheibriados
Dithmenos
Elyvilon
Fedhas
Gozag
Hepliaklqana
Kikubaaqudgha
Makhleb
Nemelex Xobeh
Okawaru
Qazlal
Ru
Sif Muna
Trog
Uskayaw
Vehumet
Wu Jian
Xom
Yredelemnul
Zin
The Shining One

Annotations:
D:10 1 runed translucent door, RevDB's ghost, journeyman DrCj


Innate Abilities, Weirdness & Mutations

Your life essence is reduced to manifest your ancestor. (-10% HP)
You cannot be hasted, slowed, berserked, paralysed or teleported.
You can dig through walls and to a lower floor.
You have a pair of large antennae on your head. (SInv)
Your four strong arms can wield two-handed weapons with a shield.


Message History

It is a scroll of identify.
h - 3 scrolls of enchant armour The death yak closely misses you.
As you read the scroll of identify, it crumbles to dust.
p - 5 scrolls of enchant weapon The death yak gores you!!
* * * LOW HITPOINT WARNING * * *
You feel much better. The death yak gores you!!
It was a potion of attraction.
You feel attractive to monsters. The death yak gores you!!
* * * LOW HITPOINT WARNING * * *
It was a potion of flight.
You feel very buoyant.
You fly up into the air.
The death yak misses you.
It was a potion of magic.
Magic courses through your body. You block the death yak's attack.
It was a potion of ambrosia.
You are confused.
You feel invigorated.
The death yak gores you but does no damage.
It was a potion of degeneration.
There was something very wrong with that liquid.
You feel weakened.
You feel dopey.
You feel clumsy. The death yak closely misses you.
It was a potion of haste.
Your stasis prevents you from being hasted.
The death yak gores you but does no damage.
The death yak attacks as you move away! The death yak gores you!
* * * LOW HITPOINT WARNING * * *
The death yak is attracted toward you. x3
You feel better.
You feel less invigorated.
The death yak gores you but does no damage.
The death yak attacks as you move away! The death yak gores you!
* * * LOW HITPOINT WARNING * * *
The death yak is attracted toward you. x3
The death yak attacks as you move away! You block the death yak's attack.
The death yak snorts and paws the ground.
The death yak attacks as you move away! The death yak gores you!!
You die...

.........†)).....# #.# #
.......)..######.#####.#
# .......>..# #.......#
# ..........# #.#####.#
# ..........# #.#
#.########## ..........#
#.# #...........
....).....# #.#
#.########## .......)..#
#.#####.# # ..........#
#@......# #
..........######Y#####.#
# ...........YYYY..# #.#
# ..........######.# #.#
# .......(..# #.# #.# #
..........# #.#####.# #
.........Y# #..†....# #
..........# #.#####.# #
##.....{R.######.# #.# #


You could see a death yak (very poisoned).

Vanquished Creatures
  Harold (D:9)
  3 two-headed ogres
  A death yak (D:10)
  Pikel (D:4)
  Maurice (D:9)
  Grinder (D:3)
  A troll (D:9)
  A wyvern (D:7)
  9 yaks
  2 steam dragons
  3 orc warriors
  2 black bears
  4 ogres
  3 ice beasts
  A sky beast (D:8)
  2 phantoms
  4 centaurs
  3 kobold brigands
  2 lemures (D:4)
  2 necrophages
  5 bullfrogs
  A gnoll sergeant (D:5)
  2 scorpions
  10 killer bees
  2 howler monkeys
  An electric eel (D:8)
  3 orc priests
  4 gnoll boudas
  5 hounds
  2 iguanas
  3 orc wizards (D:6)
  24 gnolls
  11 adders
  A shadow imp (D:6)
  4 ufetubi
  A worm (D:4)
  5 dart slugs
  29 orcs
  5 endoplasms
  12 goblins
  6 hobgoblins
  15 kobolds
  2 quokkas
  9 ball pythons
  4 bats
  2 frilled lizards
  5 rats
220 creatures vanquished.

Vanquished Creatures (collateral kills)
  3 yaks
  A killer bee (D:10)
  An orc wizard (D:9)
  An orc (D:10)
  A kobold (D:10)
7 creatures vanquished.

Vanquished Creatures (others)
  8 ancestors
  A knight (D:10)
  12 fungi (D:9)
21 creatures vanquished.

Grand Total: 248 creatures vanquished

Notes
Turn   | Place    | Note
-------+----------+-------------------------------------------
     0 | D:1      | testman the Formicid Hunter began the quest for the Orb.
     0 | D:1      | Reached XP level 1. HP: 16/16 MP: 1/1
   173 | D:1      | Reached XP level 2. HP: 23/23 MP: 2/2
   458 | D:1      | Found a faded altar of an unknown god.
   980 | D:2      | Reached XP level 3. HP: 29/29 MP: 3/3
  1173 | D:2      | Identified the +1 ring mail "Muof" {Int+3}
  1224 | D:2      | Reached XP level 4. HP: 34/35 MP: 4/4
  1992 | D:3      | Identified the +3 sling "Duas" {venom, +Blink Str+4 Int-4}
  1998 | D:3      | Noticed Grinder
  2013 | D:3      | Killed Grinder
  2014 | D:3      | Reached skill level 5 in Fighting
  2014 | D:3      | Reached skill level 5 in Ranged Weapons
  2014 | D:3      | Reached XP level 5. HP: 12/44 MP: 5/5
  2014 | D:3      | Reached XP level 6. HP: 14/51 MP: 6/6
  2881 | D:4      | Identified the +4 dagger "Wutic" {vamp, Will++ rCorr Int+8
                  | Dex-3}
  2921 | D:4      | Noticed Pikel
  2936 | D:4      | Killed Pikel
  2937 | D:4      | Reached XP level 7. HP: 37/59 MP: 7/7
  2937 | D:4      | Reached XP level 8. HP: 41/65 MP: 8/8
  3790 | D:5      | Entered Level 5 of the Dungeon
  4008 | D:5      | Reached XP level 9. HP: 75/75 MP: 9/9
  5286 | D:6      | Reached skill level 1 in Shields
  5363 | D:6      | Found a bloodstained altar of Trog.
  5869 | D:7      | Found a staircase to the Ecumenical Temple.
  5893 | Temple   | Entered the Ecumenical Temple
  5995 | Temple   | Became a worshipper of Hepliaklqana the Forgotten
  6101 | D:7      | Reached skill level 10 in Fighting
  6360 | D:7      | Found a basalt altar of Yredelemnul.
  6416 | D:7      | Reached XP level 10. HP: 85/85 MP: 10/10
  6601 | D:8      | Reached skill level 10 in Ranged Weapons
  6987 | D:8      | Reached skill level 5 in Shields
  7095 | D:8      | Found an iron altar of Okawaru.
  7148 | D:8      | Found a glowing silver altar of Zin.
  7182 | D:8      | Reached * piety under Hepliaklqana
  7200 | D:8      | Found a bloodstained altar of Trog.
  7448 | D:8      | Found an ancient bone altar of Kikubaaqudgha.
  7449 | D:8      | Found a shimmering blue altar of Sif Muna.
  7649 | D:9      | Noticed a two-headed ogre
  7660 | D:9      | Killed a two-headed ogre
  7686 | D:9      | Reached XP level 11. HP: 63/83 MP: 11/11
  7771 | D:9      | Found a hide-covered altar of Uskayaw.
  7940 | D:9      | Noticed Harold
  7940 | D:9      | Noticed Maurice
  7960 | D:9      | Killed Harold
  7963 | D:9      | Killed Maurice
  8766 | D:10     | Entered Level 10 of the Dungeon
  8773 | D:10     | Found a stormy altar of Qazlal.
  9085 | D:10     | Found a runed translucent door.
  9085 | D:10     | Found a shimmering altar of Xom.
  9085 | D:10     | Noticed a +1 long sword of chaos
  9085 | D:10     | Noticed RevDB's ghost (journeyman DrCj)
  9096 | D:10     | Noticed a death yak
  9105 | D:10     | Noticed a two-headed ogre
  9106 | D:10     | Noticed a death yak
  9130 | D:10     | Reached ** piety under Hepliaklqana
  9136 | D:10     | Killed a death yak
  9149 | D:10     | Killed a two-headed ogre
  9414 | D:10     | Noticed a two-headed ogre
  9439 | D:10     | Killed a two-headed ogre
  9440 | D:10     | Reached skill level 10 in Shields
  9440 | D:10     | Reached skill level 1 in Invocations
  9595 | D:10     | Found a staircase to the Lair.
  9605 | D:10     | Noticed a death yak
  9605 | D:10     | Noticed a death yak
  9606 | D:10     | Remembered your ancestor Rabi as a knight
  9606 | D:10     | Noticed a death yak
  9641 | D:10     | HP: 3/86 [death yak (15)]
  9645 | D:10     | Mangled by a death yak

Illustrated notes

Levels and vault maps discovered:
D:1:      minmay_arrival_split_and_join, layout_basic,
          shapermc_ecumenical_altar_flowoftime, hangedman_decor_lopped
D:2:      layout_basic, interstate_on_off, kennysheep_generic_room_14
D:3:      layout_basic, uniq_grinder
D:4:      layout_basic, uniq_pikel
D:5:      layout_cave_pods, minmay_misc_feat_cross, grunt_ministairs_12,
          lightli_minifort
D:6:      layout_loops_ring, lemuel_coloured_pillars_altar, grunt_decor_cap
D:7:      nicolae_cairo_tiling_large_dashed, layout_loops_ring,
          general_overflow_altar, minmay_temple_entry_drinking_statues,
          kennysheep_generic_room_7
D:8:      layout_cave_pools, okawaru_altar_gauntlet_db,
          mainiacjoe_overflow_paths, nicolae_overflow_squiral,
          minmay_ruined_shrine
D:9:      layout_basic, mainiacjoe_overflow_chevrons, uniq_harold, uniq_maurice
D:10:     layout_small_grid, mainiacjoe_overflow_boulevard,
          kennysheep_mini_moat, dpeg_lair_monsters, ebering_ghost_xom
D:11:     layout_irregular_city
Temple:   hellmonk_temple_forest_ring

Skill      XL: |  1  2  3  4  5  6  7  8  9 10 11 |
---------------+----------------------------------+-----
Fighting       | 3 5 6 8 10 11 12 | 12.6
Ranged Weapons | 5 7 8 9 11 12 | 12.1
Shields        | 3 7 10 | 10.0
Invocations    | 1 |  1.8
Dodging        | |  1.7
Stealth        | |  1.2

Action                   |  1- 3 |  4- 6 |  7- 9 | 10-12 || total
-------------------------+-------+-------+-------+-------++-------
 Fire: Shortbow          |    52 |    46 |       |       ||    98
       Sling             |       |    37 |   301 |   340 ||   678
Invok: Recall Ancestor   |       |       |       |     1 ||     1
       Ancestor Life: Kn |       |       |       |     1 ||     1
  Use: Potion            |       |     1 |       |    11 ||    12
       Scroll            |       |       |       |     2 ||     2
Armor: Ring mail         |     4 |     4 |    35 |    14 ||    57
       Leather armour    |     1 |       |       |       ||     1
       Steam dragon scal |       |       |       |    10 ||    10
Dodge: Dodged            |    12 |    22 |    90 |    71 ||   195
Block: Buckler           |       |       |     9 |    39 ||    48

Table legend: (Time is in decaauts)
 A = Elapsed time spent in this place.
 B = Non-inter-level travel time spent in this place.
 C = Inter-level travel time spent in this place.
 D = Time resting spent in this place.
 E = Time spent auto-exploring this place.
 F = Levels seen in this place.
 G = Mean time per level.
                   A        B        C        D        E       F      G
               +--------+--------+--------+--------+--------+-----+--------+
         Total |   9672 |   9357 |    315 |    355 |   7533 |  12 |  806.0 |
       Dungeon |   9562 |   9254 |    308 |    355 |   7445 |  11 |  869.3 |
        Temple |    109 |    102 |      7 |      0 |     88 |   1 |  109.0 |
               +--------+--------+--------+--------+--------+-----+--------+

Top non-repeatable levels by time:
     D:9: 1213 daAuts
     D:5: 1120 daAuts
     D:3: 1083 daAuts
     D:1: 963 daAuts
     D:4: 954 daAuts
     D:7: 882 daAuts
     D:2: 836 daAuts
     D:6: 829 daAuts
     D:8: 819 daAuts
    D:10: 599 daAuts
    D:11: 260 daAuts
  Temple: 109 daAuts
